 Dungeon Crawl Stone Soup version 0.24-a0-136-gad582e5 (webtiles) character file.

Game seed: 4635669725824664688

83 BrolyGnoll the Shield-Bearer (level 4, -4/41 HPs)
             Began as a Gnoll Fighter on Feb 28, 2019.
             Slain by a worm (6 damage)
             ... on level 2 of the Dungeon.
             The game lasted 00:02:10 (452 turns).

BrolyGnoll the Shield-Bearer (Gnoll Fighter)         Turns: 452, Time: 00:02:10

Health: -4/41      AC:  7    Str: 19    XL:     4   Next: 44%
Magic:  5/5        EV:  8    Int: 10    God:
Gold:   50         SH: 10    Dex: 15    Spells: 5/5 levels left

rFire    . . .     SeeInvis .   a - +0 war axe
rCold    . . .     Gourm    .   c - +0 shield
rNeg     . . .     Faith    .   b - +0 scale mail
rPois    .         Spirit   .   (no helmet)
rElec    .         Reflect  .   (no cloak)
rCorr    .         Harm     +   (no gloves)
MR       .....                  (no boots)
Stlth    ..........             i - amulet of harm
HPRegen  0.13/turn              (no ring)
MPRegen  0.09/turn              (no ring)

@: no status effects
A: distributed training, fangs 1, strong nose
a: no special abilities


You were on level 2 of the Dungeon.
You were not hungry.

You visited 1 branch of the dungeon, and saw 2 of its levels.

You collected 50 gold pieces.

Inventory:

Hand Weapons
 a - a +0 war axe (weapon)
Armour
 b - a +0 scale mail (worn)
 c - a +0 shield (worn)
Jewellery
 i - an amulet of harm (around neck)
Scrolls
 h - a scroll of remove curse {unknown}
 j - a scroll of fear {unknown}
 l - a scroll of teleportation {unknown}
 m - a scroll of noise {unknown}
Potions
 d - a potion of might
 e - a potion of curing {unknown}
 k - a potion of brilliance {unknown}
Comestibles
 f - 3 rations
 g - 7 chunks of flesh


   Skills:
 + Level 6.6 Fighting
 + Level 1.1 Short Blades
 + Level 1.1 Long Blades
 + Level 4.6 Axes
 + Level 1.1 Maces & Flails
 + Level 1.1 Polearms
 + Level 1.1 Staves
 + Level 1.1 Slings
 + Level 1.1 Bows
 + Level 1.1 Crossbows
 + Level 1.1 Throwing
 + Level 6.6 Armour
 + Level 1.1 Dodging
 + Level 1.1 Stealth
 + Level 6.6 Shields
 + Level 1.1 Unarmed Combat
 + Level 1.1 Spellcasting
 + Level 0.8 Conjurations
 + Level 0.8 Hexes
 + Level 0.8 Charms
 + Level 0.8 Summonings
 + Level 0.8 Necromancy
 + Level 0.8 Translocations
 + Level 0.8 Transmutations
 + Level 0.8 Fire Magic
 + Level 0.8 Ice Magic
 + Level 0.8 Air Magic
 + Level 0.8 Earth Magic
 + Level 0.8 Poison Magic
 + Level 1.2 Invocations
 + Level 1.1 Evocations


You had 5 spell levels left.
You didn't know any spells.
Your spell library was empty.

Dungeon Overview and Level Annotations

Branches:
Dungeon (2/15)

Altars:


Innate Abilities, Weirdness & Mutations

Your experience applies equally to all skills.
You have very sharp teeth.
Your uncanny sense of smell can sniff out nearby items.


Message History

You are too injured to fight recklessly!
You are too injured to fight recklessly!
You are too injured to fight recklessly!
You are too injured to fight recklessly!
You hit the iguana but do no damage.
The iguana is almost dead.
You hit the worm. The iguana bites you!
* * * LOW HITPOINT WARNING * * *
You hit the iguana.
You kill the iguana!
Your shield and scale mail prevent you from hitting the worm.
The worm bites you but does no damage.
You barely miss the worm.
The worm is lightly wounded.
The worm bites you.
* * * LOW HITPOINT WARNING * * *
You slash the worm!
The worm is almost dead.
The worm bites you.
You die...

..............#
............#.##
............#..#
........##.###
.........#...###
###..##....#...#
##.....†.......#
#.........#
....<.w@.#.#
.......†#._.#
.........#.#...
..........#....
..........$....#
#........#######
..........
..........


You could see a worm.

Vanquished Creatures
  An iguana (D:2)
  3 oozes
  A worm (D:2)
  2 dart slugs (D:1)
  3 bats (D:1)
  A giant cockroach (D:1)
  5 goblins
  5 hobgoblins
  4 jackals (D:1)
  5 kobolds
  A quokka (D:2)
  4 frilled lizards
  3 rats (D:1)
38 creatures vanquished.

Notes
Turn   | Place    | Note
-------+----------+-------------------------------------------
     0 | D:1      | BrolyGnoll the Gnoll Fighter began the quest for the Orb.
     0 | D:1      | Reached XP level 1. HP: 23/23 MP: 1/1
    29 | D:1      | Reached XP level 2. HP: 25/29 MP: 2/2
   167 | D:1      | Reached XP level 3. HP: 35/35 MP: 3/3
   264 | D:1      | Reached skill level 1 in Invocations
   408 | D:2      | Reached skill level 1 in Short Blades
   408 | D:2      | Reached skill level 1 in Long Blades
   408 | D:2      | Reached skill level 1 in Maces & Flails
   408 | D:2      | Reached skill level 1 in Polearms
   408 | D:2      | Reached skill level 1 in Staves
   408 | D:2      | Reached skill level 1 in Slings
   408 | D:2      | Reached skill level 1 in Bows
   408 | D:2      | Reached skill level 1 in Crossbows
   408 | D:2      | Reached skill level 1 in Throwing
   408 | D:2      | Reached skill level 1 in Dodging
   408 | D:2      | Reached skill level 1 in Stealth
   408 | D:2      | Reached skill level 1 in Unarmed Combat
   408 | D:2      | Reached skill level 1 in Spellcasting
   408 | D:2      | Reached skill level 1 in Evocations
   441 | D:2      | Found a faded altar of an unknown god.
   443 | D:2      | Reached XP level 4. HP: 37/41 MP: 5/5
   451 | D:2      | HP: 2/41 [worm (4)]
   452 | D:2      | Slain by a worm

Levels and vault maps discovered:
D:1:      matt_arrival_diagonals, layout_basic
D:2:      layout_rooms, chequers_ecumenical_altar_simple_redux,
          minmay_tetromino_t4

Skill      XL: |  1  2  3 |
---------------+----------+-----
Invocations    | 1 |  1.2
Short Blades   | 1 |  1.1
Long Blades    | 1 |  1.1
Maces & Flails | 1 |  1.1
Polearms       | 1 |  1.1
Staves         | 1 |  1.1
Slings         | 1 |  1.1
Bows           | 1 |  1.1
Crossbows      | 1 |  1.1
Throwing       | 1 |  1.1
Dodging        | 1 |  1.1
Stealth        | 1 |  1.1
Unarmed Combat | 1 |  1.1
Spellcasting   | 1 |  1.1
Evocations     | 1 |  1.1
Fighting       | |  6.6
Axes           | |  4.6
Armour         | |  6.6
Shields        | |  6.6
Conjurations   | |  0.8
Hexes          | |  0.8
Charms         | |  0.8
Summonings     | |  0.8
Necromancy     | |  0.8
Translocations | |  0.8
Transmutations | |  0.8
Fire Magic     | |  0.8
Ice Magic      | |  0.8
Air Magic      | |  0.8
Earth Magic    | |  0.8
Poison Magic   | |  0.8

Action                   |  1- 3 |  4- 6 || total
-------------------------+-------+-------++-------
Melee: War axe           |    68 |     8 ||    76
       Bite              |    10 |     1 ||    11
Armor: Scale mail        |    42 |     1 ||    43
Dodge: Dodged            |    32 |     2 ||    34
Block: Shield            |    53 |     2 ||    55

Table legend:
 A = Non-vault XP
 B = Vault XP
 C = Vault XP percentage of total XP
 D = Non-vault monster count
 E = Vault monster count
 F = Vault count percentage of total count
                 A         B        C        D         E       F
            +---------+---------+-------+---------+---------+-------
      Total |     119 |       0 |   0.0 |      38 |       0 |   0.0
            +---------+---------+-------+---------+---------+-------
        D:1 |      58 |       0 |   0.0 |      27 |       0 |   0.0
        D:2 |      61 |       0 |   0.0 |      11 |       0 |   0.0
            +---------+---------+-------+---------+---------+-------
